 Dungeon Crawl Stone Soup version 0.18-a0-1800-gdc7a371 (webtiles) character file.

268 Arkorax the Ruffian (level 6, 2/48 HPs)
             Began as a Formicid Monk on Apr 24, 2016.
             Quit the game on level 3 of the Dungeon.
             The game lasted 00:08:53 (2388 turns).

Arkorax the Ruffian (Formicid Monk)                 Turns: 2388, Time: 00:08:53

Health: 2/48       AC:  8    Str: 17    XL:     6   Next: 46%
Magic:  6/6        EV:  7    Int:  9    God:
Gold:   166        SH:  4    Dex: 10    Spells: 0 memorised, 5 levels left

rFire  . . .     SeeInvis +       - Unarmed
rCold  . . .     Gourm    .     h - +0 chain mail
rNeg   . . .     Faith    .     o - +0 buckler
rPois  .         Spirit   .     (helmet unavailable)
rElec  .         Dismiss  .     (no cloak)
rCorr  .         Reflect  .     (no gloves)
SustAt .         Harm     .     (no boots)
MR     .....                    (no amulet)
Stlth  ..........               g - ring of flight
                                l - ring of flight

@: lethally poisoned (2 -> -1), very slightly contaminated, drained, not
resistant to hostile enchantments, extremely unstealthy
A: permanent stasis, dig shafts and tunnels, four strong arms, antennae 3,
blurry vision 1, clumsy 2
a: Dig, Shaft Self, Evoke Flight


You were on level 3 of the Dungeon.
You were not hungry.

You visited 1 branch of the dungeon, and saw 3 of its levels.

You collected 166 gold pieces.

Inventory:

Armour
 a - a +0 robe
 d - a +0 large shield
 e - a +0 ring mail
 h - a +0 chain mail (worn)
 o - a +0 buckler (worn)
Jewellery
 g - a ring of flight (right hand)
 j - a -3 ring of protection
 l - a ring of flight (left hand)
Scrolls
 c - 3 scrolls of remove curse
 f - a scroll of teleportation
 n - a scroll of identify
Comestibles
 b - 2 bread rations
 i - 2 meat rations
 k - 3 beef jerkies


   Skills:
 - Level 3.7(3.3) Fighting
 + Level 2.5(2.1) Armour
 - Level 2.6(2.2) Dodging
 - Level 2.4(1.9) Stealth
 * Level 3.8(3.3) Shields
 * Level 5.5(5.0) Unarmed Combat


You had 5 spell levels left.
You didn't know any spells.

Dungeon Overview and Level Annotations

Branches:
Dungeon (3/15)

Altars:

Annotations:
D:3 subsebi's ghost, amateur DsCK


Innate Abilities, Weirdness & Mutations

You are under a permanent stasis effect.
You can dig through walls and to a lower floor.
Your four strong arms can wield two-handed weapons with a shield.
You have a pair of large antennae on your head (SInv).
Scrolls take you a little longer to read.
You are very clumsy. (Dex -4)


Message History

The jackal barely misses you. You block the jackal's attack.
The jackal bites you.
* * * LOW HITPOINT WARNING * * *
The jackal bites you but does no damage.
Subsebi's ghost hits you.
* * * LOW HITPOINT WARNING * * *
* * * LOW HITPOINT WARNING * * *
You feel sick.
The jackal bites you but does no damage.
The jackal bites you but does no damage.
The jackal closely misses you. The jackal barely misses you.
You block the jackal's attack. x2
* * * LOW HITPOINT WARNING * * *
You feel sick.
The jackal bites you but does no damage.
The jackal completely misses you. The jackal barely misses you. x2
Subsebi's ghost shrieks, "To die, to sleep, no more."
You aren't carrying any potions.
Unknown command.
Are you sure you want to abandon this character and quit the game? (Confirm with "yes".)

#..(....#..............#
'.........)...........##
#.......##............#
#.......###.....#.....#
#.......# #.....#######
#####'#####.....#
#............#
..#..(h..........#
#..'..Wh@..[#'###.#
#..#...h....#.# # #
#..........#
#........### #........#
#........# .#+####### #.


You could see subsebi's ghost and 3 jackals.

Vanquished Creatures
  Sigmund (D:3)
  Ijyb (D:3)
  5 adders (D:2)
  An ooze (D:1)
  A worm (D:2)
  A dart slug (D:1)
  A ball python (D:1)
  4 bats
  8 giant cockroaches
  3 goblins (D:2)
  8 hobgoblins
  4 jackals (D:2)
  3 quokkas (D:2)
  A giant newt (D:2)
  A kobold (D:1)
  4 rats
47 creatures vanquished.

Notes
Turn   | Place    | Note
--------------------------------------------------------------
     0 | D:1      | Arkorax the Formicid Monk began the quest for the Orb.
     0 | D:1      | Reached XP level 1. HP: 18/18 MP: 1/1
   135 | D:1      | Reached XP level 2. HP: 22/24 MP: 2/2
   450 | D:1      | Reached skill level 1 in Armour
   494 | D:1      | Reached XP level 3. HP: 26/30 MP: 3/3
  1305 | D:2      | Reached skill level 1 in Shields
  1478 | D:2      | Reached XP level 4. HP: 37/37 MP: 4/4
  1863 | D:2      | Reached XP level 5. HP: 42/42 MP: 5/5
  1970 | D:3      | Noticed Ijyb
  1986 | D:3      | Killed Ijyb
  2028 | D:3      | Noticed Sigmund
  2049 | D:3      | Gained mutation: You are clumsy. (Dex -2) [potion of mutation]
  2049 | D:3      | Gained mutation: Scrolls take you a little longer to read. [potion of mutation]
  2049 | D:3      | Gained mutation: You are very clumsy. (Dex -4) [potion of mutation]
  2054 | D:3      | Killed Sigmund
  2054 | D:3      | Reached skill level 5 in Unarmed Combat
  2054 | D:3      | Reached XP level 6. HP: 15/48 MP: 6/6
  2355 | D:3      | Noticed subsebi's ghost (amateur DsCK)
  2387 | D:3      | HP: 2/48 [poisoned by subsebi's ghost]
  2388 | D:3      | Quit the game

Vault maps used:
D:1:      dpeg_arrival_three_same_balls
D:3:      lemuel_doored_altar, gammafunk_pakellas_statue_experiment, uniq_iyjb,
          uniq_sigmund, uniq_terence

Skill      XL: |  1  2  3  4  5 |
---------------+----------------+-----
Armour         | 1 2 |  2.5
Shields        | 1 2 3 |  3.8
Unarmed Combat | 5 |  5.5
Fighting       | |  3.7
Dodging        | |  2.6
Stealth        | |  2.4

Action                   |  1- 3 |  4- 6 || total
-------------------------+-------+-------++-------
Melee: Unarmed           |   103 |   157 ||   260
       Punch             |     2 |       ||     2
  Use: Scroll            |     3 |       ||     3
       Potion            |       |     4 ||     4
 Stab: Sleeping          |     1 |       ||     1
       Invisible         |       |     4 ||     4
  Eat: Chunk             |     2 |     2 ||     4
       Bread ration      |       |     1 ||     1
Armor: Ring mail         |    17 |       ||    17
       Chain mail        |    55 |    78 ||   133
       Skin              |       |     2 ||     2
Dodge: Dodged            |    50 |    61 ||   111
Block: Large shield      |    26 |    22 ||    48
       Buckler           |       |    33 ||    33
